 Dungeon Crawl Stone Soup version 0.22-a0-109-gbeb7240 (webtiles) character file.

9 KristoblXynda the Charmwright (level 2, -2/14 HPs)
             Began as a Spriggan Skald on Jan 26, 2018.
             Slain by a kobold
             ... wielding a cursed +0 dagger
              (3 damage)
             ... on level 1 of the Dungeon.
             The game lasted 00:01:49 (865 turns).

KristoblXynda the Charmwright (Spriggan Skald)       Turns: 865, Time: 00:01:50

Health: -2/14      AC:  2    Str:  7    XL:     2   Next: 6%
Magic:  6/6        EV: 19    Int: 14    God:
Gold:   65         SH:  0    Dex: 15    Spells: 5/6 levels left

rFire    . . .     SeeInvis +   a - +0 short sword
rCold    . . .     Gourm    .   (shield restricted)
rNeg     . . .     Faith    .   b - +0 robe
rPois    .         Spirit   .   (helmet restricted)
rElec    .         Reflect  .   (no cloak)
rCorr    .         Harm     .   (gloves unavailable)
MR       .....                  (boots unavailable)
Stlth    +.........             (no amulet)
HPRegen  0.04/turn              (no ring)
MPRegen  0.10/turn              (no ring)

@: very quick
A: very small, unfitting armour, see invisible, herbivore, speed 3, slow
metabolism 2
a: no special abilities


You were on level 1 of the Dungeon.
You were not hungry.

You visited 1 branch of the dungeon, and saw 1 of its levels.

You collected 65 gold pieces.

Inventory:

Hand Weapons
 a - a +0 short sword (weapon)
Armour
 b - a +0 robe (worn)
Scrolls
 f - a scroll of amnesia {unknown}
 h - a scroll of fog {unknown}
 i - a scroll of teleportation {unknown}
Potions
 e - a potion of resistance {unknown}
 g - a potion of curing {unknown}
 j - a potion of magic {unknown}
 k - a potion of invisibility {unknown}
Books
 c - a book of Battle

   Spells                             Type                      Level
   a - Infusion                       Charms                       1
   b - Shroud of Golubria             Charms/Translocation         2
   c - Song of Slaying                Charms                       2
   d - Spectral Weapon                Hexes/Charms                 3
   e - Regeneration                   Charms/Necromancy            3
Comestibles
 d - 2 rations


   Skills:
 - Level 1.5 Fighting
 + Level 2.5 Short Blades
 + Level 4.0 Dodging
 - Level 2.6 Spellcasting
 + Level 4.7 Charms


You had 5 spell levels left.
You knew the following spells:

 Your Spells              Type           Power        Failure   Level  Hunger
a - Infusion              Chrm           ###.         3%          1    #......


Dungeon Overview and Level Annotations

Branches:
Dungeon (1/15)

Altars:


Innate Abilities, Weirdness & Mutations

You are very small and have problems with some larger weapons.
You are too small for most types of armour.
You have supernaturally acute eyesight. (SInv)
You are a herbivore.
You cover ground extremely quickly.
You need consume almost no food.


Message History

You hit the rat but do no damage. The rat barely misses you.
You hit the rat.
The rat is moderately wounded.
The rat barely misses you.
You completely miss the rat.
The rat is moderately wounded.
The rat bites you.
You hit the rat.
You kill the rat!
Your Dodging skill increases to level 4!
You see here a rat corpse.
A kobold comes into view. It is wielding a dagger.
A kobold is nearby!
You hit the kobold but do no damage. The kobold completely misses you.
You barely miss the kobold. The kobold hits you with a dagger.
You closely miss the kobold. The kobold misses you.
You barely miss the kobold. The kobold hits you with a dagger.
* * * LOW HITPOINT WARNING * * *
You completely miss the kobold. The kobold hits you with a dagger.
You die...

. .
.############
#........K@.#
#.#########.#
#.#.....[†..#
#.##.########
#...........
##.....#####
#.........
#.....####
#.#.###


You could see a kobold.

Vanquished Creatures
  A leopard gecko (D:1)
  A ball python (D:1)
  2 goblins (D:1)
  A kobold (D:1)
  A bat (D:1)
  3 rats (D:1)
9 creatures vanquished.

Notes
Turn   | Place    | Note
-------+----------+-------------------------------------------
     0 | D:1      | KristoblXynda the Spriggan Skald began the quest for the Orb.
     0 | D:1      | Reached XP level 1. HP: 10/10 MP: 5/5
   820 | D:1      | Reached XP level 2. HP: 11/14 MP: 6/6
   865 | D:1      | Slain by a kobold

Vault maps used:
D:1:      lightli_arrival_quake, minmay_lizard_king

Skill      XL: |  1  2 |
---------------+-------+-----
Dodging        | 4 |  4.0
Fighting       | |  1.5
Short Blades   | |  2.5
Spellcasting   | |  2.6
Charms         | |  4.7

Action                   || total
-------------------------++-------
Melee: Short sword       ||    41
 Stab: Sleeping          ||     1
Armor: Robe              ||     2
Dodge: Dodged            ||    26

Table legend:
 A = Spawn XP
 B = Non-spawn XP
 C = Spawn XP percentage of total XP
 D = Spawn monster count
 E = Non-spawn monster count
 F = Spawn count percentage of total count
 G = Total turns spent on level
                    A         B        C        D         E        F      G
               +---------+---------+-------+---------+---------+-------+---------
         Total |       0 |      14 |   0.0 |       0 |       9 |   0.0 |   865
               +---------+---------+-------+---------+---------+-------+---------
           D:1 |       0 |      14 |   0.0 |       0 |       9 |   0.0 |   865
               +---------+---------+-------+---------+---------+-------+---------
